 Dungeon Crawl Stone Soup version 0.26-a0-812-g31a745ddcd (webtiles) character file.

Game seed: 17856013062640964513

598680 tilp the Slayer (level 27, -3/214 HPs)
             Began as a Halfling Hunter on Nov 26, 2020.
             Was a High Priest of Okawaru.
             Slain by a death cob (14 damage)
             ... on level 3 of the Realm of Zot.
             The game lasted 03:18:26 (107349 turns).

tilp the Slayer (Halfling Hunter)                 Turns: 107349, Time: 03:18:26

Health: -3/214     AC: 33    Str: 22    XL:     27
Magic:  37/37      EV: 21    Int: 19    God:    Okawaru [*****.]
Gold:   5961       SH: 14    Dex: 29    Spells: 26/26 levels left

rFire    + . .     SeeInvis +   a - +9 fustibalus (flame)
rCold    + . .     Faith    .   p - +0 kite shield {reflect}
rNeg     . . .     Spirit   .   x - +0 gold dragon scales
rPois    +         Reflect  +   A - +2 helmet {SInv}
rElec    .         Harm     .   K - +3 cloak "Attie" {Str+2 Int+10 Dex-3}
rCorr    .         Rampage  .   S - +2 pair of gloves {Dex+3}
MR       +++..                  o - +0 pair of boots {run}
Stlth    ..........             (no amulet)
HPRegen  0.45/turn              w - ring of Situs {Str+4 Dex+6}
MPRegen  0.25/turn              Y - ring of protection from magic

@: slowed, very slow
A: small, clumsy 1, mutation resistance 1
}: 3/15 runes: decaying, serpentine, silver
a: Heroism, Finesse, Renounce Religion


You were on level 3 of the Realm of Zot.
You worshipped Okawaru.
Okawaru was extremely pleased with you.
You visited 9 branches of the dungeon, and saw 48 of its levels.
You also visited: Ossuary and Bailey.

You collected 13806 gold pieces.
You spent 7845 gold pieces at shops.

Inventory:

Hand Weapons
 a - a +9 fustibalus of flaming (weapon)
 b - a +8 quick blade of freezing
 f - a +9 quick blade
Missiles
 d - 561 sling bullets (quivered)
 g - 3 throwing nets {!f}
 i - 713 stones
Armour
 j - a +2 pair of boots of flying
 o - a +0 pair of boots of running (worn)
 p - a +0 kite shield of reflection (worn)
 x - +0 gold dragon scales (worn)
 A - a +2 helmet of see invisible (worn)
 K - the +3 cloak "Attie" (worn) {Str+2 Int+10 Dex-3}
   (Okawaru gifted it to you on level 14 of the Dungeon)

   It affects your strength (+2).
   It affects your intelligence (+10).
   It affects your dexterity (-3).
 S - a +2 pair of gloves of dexterity (worn)
Jewellery
 k - the amulet "Jedatul" {Acrobat rF++ rN+}
   (You bought it in a shop on level 2 of the Orcish Mines)

   [amulet of the acrobat]

   It helps you evade while moving and waiting.
   It greatly protects you from fire.
   It protects you from negative energy.
 l - an uncursed ring of protection from cold
 w - the ring of Situs (left hand) {Str+4 Dex+6}
   (You took it off an orc on level 8 of the Dungeon)

   [ring of dexterity]

   It affects your strength (+4).
   It affects your dexterity (+6).
 B - the amulet of Mauwnuo {Reflect rPois MR+ Int-2 Dex+4 SH+5}
   (You acquired it on level 5 of the Depths)

   [amulet of reflection]

   It shields you and reflects attacks.
   It affects your intelligence (-2).
   It affects your dexterity (+4).
   It protects you from poison.
   It affects your resistance to hostile enchantments.
   It affects your SH (+5).
 C - an uncursed ring of see invisible
 G - the ring "Reit" {Ice +Inv rElec}
   (You bought it in a shop on level 14 of the Dungeon)

   [ring of ice]

   It enhances your ice magic.
   It makes you vulnerable to fire.
   It protects you from cold.
   It insulates you from electricity.
   It lets you turn invisible.
 J - an uncursed ring of resist corrosion
 Y - a ring of protection from magic (right hand)
 Z - an uncursed amulet of regeneration
Wands
 c - a wand of acid (34)
 s - a wand of enslavement (19)
 R - a wand of iceblast (58)
 U - a wand of digging (21)
 V - a wand of paralysis (39)
 W - a wand of disintegration (46)
Scrolls
 e - 5 scrolls of blinking
 n - 25 scrolls of teleportation
 q - 13 scrolls of fog
 v - 6 scrolls of fear
 y - 3 scrolls of silence
 D - a scroll of summoning
 E - 30 scrolls of remove curse
 F - a scroll of holy word
 L - 10 scrolls of identify
 Q - a scroll of magic mapping
Potions
 h - 18 potions of curing
 m - 10 potions of haste
 r - 4 potions of invisibility
 z - 4 potions of mutation
 I - 8 potions of might
 M - 4 potions of cancellation
 P - a potion of ambrosia
 T - 11 potions of heal wounds
 X - 6 potions of resistance
Miscellaneous
 t - a phantom mirror
 u - a condenser vane
 H - a tin of tremorstones (2/2)
 N - a lightning rod (4/4)
 O - a box of beasts


   Skills:
 - Level 24.0 Fighting
 - Level 8.0 Short Blades
 - Level 14.0 Slings
 - Level 15.0 Armour
 - Level 20.0 Dodging
 - Level 8.0 Stealth
 - Level 10.0 Shields
 + Level 21.9 Invocations
 + Level 19.0 Evocations


You had 26 spell levels left.
You didn't know any spells.
Your spell library contained the following spells:

 Spells                   Type           Power        Failure   Level
 Animate Skeleton         Necr           #.....       100%        1
 Apportation              Tloc           #.....       100%        1
 Corona                   Hex            #......      100%        1
 Foxfire                  Conj/Fire      #...         100%        1
 Freeze                   Ice            #...         100%        1
 Magic Dart               Conj           #...         100%        1
 Shock                    Conj/Air       #...         100%        1
 Sting                    Tmut/Pois      #...         100%        1
 Summon Small Mammal      Summ           #...         100%        1
 Blink                    Tloc           N/A          100%        2
 Call Imp                 Summ           #.......     100%        2
 Corpse Rot               Necr/Air       N/A          100%        2
 Ensorcelled Hibernation  Hex/Ice        #.....       100%        2
 Poisonous Vapours        Pois/Air       #.....       100%        2
 Slow                     Hex            #.......     100%        2
 Sublimation of Blood     Necr           #.........   100%        2
 Swiftness                Air            #.......     100%        2
 Call Canine Familiar     Summ           #.......     100%        3
 Confusing Touch          Hex            #.......     100%        3
 Conjure Flame            Conj/Fire      #.......     100%        3
 Dazzling Flash           Conj/Hex       #.....       100%        3
 Frozen Ramparts          Ice            #.....       100%        3
 Gell's Gravitas          Tloc           #.........   100%        3
 Ignite Poison            Fire/Tmut/Pois #.......     100%        3
 Inner Flame              Hex/Fire       #.......     100%        3
 Lesser Beckoning         Tloc           #.........   100%        3
 Mephitic Cloud           Conj/Pois/Air  #.......     100%        3
 Ozocubu's Armour         Ice            #.......     100%        3
 Portal Projectile        Hex/Tloc       #.....       100%        3
 Static Discharge         Conj/Air       #.......     100%        3
 Summon Guardian Golem    Hex/Summ       #.......     100%        3
 Tukima's Dance           Hex            #.......     100%        3
 Airstrike                Air            #.........   100%        4
 Cause Fear               Hex            #.........   100%        4
 Dispel Undead            Necr           #.......     100%        4
 Hailstorm                Conj/Ice       #.......     100%        4
 Leda's Liquefaction      Hex/Erth       #.........   100%        4
 Olgreb's Toxic Radiance  Pois           #.......     100%        4
 Petrify                  Tmut/Erth      #.......     100%        4
 Sticky Flame             Conj/Fire      #.......     100%        4
 Summon Ice Beast         Ice/Summ       #.......     100%        4
 Summon Lightning Spire   Summ/Air       #.......     100%        4
 Agony                    Necr           #.......     100%        5
 Alistair's Intoxication  Tmut/Pois      #........    100%        5
 Bolt of Magma            Conj/Fire/Erth #.........   100%        5
 Excruciating Wounds      Necr           #.........   100%        5
 Fireball                 Conj/Fire      #.........   100%        5
 Irradiate                Conj/Tmut      #.........   100%        5
 Iskenderun's Battlesphe  Conj           #.......     100%        5
 Lightning Bolt           Conj/Air       #.........   100%        5
 Metabolic Englaciation   Hex/Ice        #.........   100%        5
 Silence                  Hex/Air        #.........   100%        5
 Summon Demon             Summ           #.........   100%        5
 Summon Forest            Summ/Tloc      #.........   100%        5
 Summon Mana Viper        Hex/Summ       #.......     100%        5
 Yara's Violent Unravell  Hex/Tmut       #.........   100%        5
 Conjure Ball Lightning   Conj/Air       #.........   100%        6
 Dispersal                Tloc           #.........   100%        6
 Hydra Form               Tmut           #.........   100%        6
 Invisibility             Hex            #.......     100%        6
 Iron Shot                Conj/Erth      #.........   100%        6
 Shadow Creatures         Summ           N/A          100%        6
 Statue Form              Tmut/Erth      #........    100%        6
 Dragon Form              Tmut           #.........   100%        7
 Orb of Destruction       Conj           #.........   100%        7
 Spellforged Servitor     Conj/Summ      #.........   100%        7
 Summon Hydra             Summ           #.........   100%        7
 Disjunction              Tloc           #.........   100%        8
 Ignition                 Fire           #.........   100%        8
 Dragon's Call            Summ           #.........   100%        9
 Shatter                  Erth           #.........   100%        9
 Tornado                  Air            #.........   100%        9


Dungeon Overview and Level Annotations

Branches:
Dungeon (15/15)            Temple (0/1) D:7            Lair (6/6) D:9
  Swamp (4/4) Lair:3        Snake (4/4) Lair:2        Slime (0/5) Lair:6
    Orc (2/2) D:10            Elf (3/3) Orc:2        Vaults (5/5) D:14
  Crypt (0/3) Vaults:3     Depths (5/5) D:15            Zot (4/5) Depths:5
Ossuary (visited)          Bailey (visited)

Altars:
Ashenzari
Cheibriados
Dithmenos
Elyvilon
Gozag
Hepliaklqana
Okawaru
Qazlal
Ru
Sif Muna
Trog
Uskayaw
Vehumet
Wu Jian
Xom
Zin
The Shining One
Beogh
Jiyva

Shops:
D:11 :   D:13 [   D:14 =   Orc:2 *[[*(*[   Elf:3 ((   Snake:1 [   Snake:2 ?=*[
Snake:4 }   Vaults:2 }   Vaults:4 (**   Depths:3 :   Depths:5 =}}

Portals:
Hell: Depths:1 Depths:2 Depths:3 Depths:4 Depths:5
Abyss: Depths:4
Pandemonium: Depths:3 Depths:5
Ziggurat: Depths:5

Annotations:
Elf:2 3 runed translucent doors
Depths:3 1 runed translucent door, Baeledd's ghost, adept MiBe


Innate Abilities, Weirdness & Mutations

You are small and have problems with some larger weapons.
You are somewhat resistant to further mutation.
You are clumsy. (Dex -2)


Message History

The tentacled monstrosity barely misses you.
The tentacled monstrosity constricts you.
You feel much better.
The death cob hits you but does no damage.
The death cob closely misses you.
The storm dragon breathes lightning at you.
The bolt of lightning hits you!!
* * * LOW HITPOINT WARNING * * *
The death cob barely misses you.
The tentacled monstrosity completely misses you.
The tentacled monstrosity tentacle-slaps you but does no damage.
The tentacled monstrosity barely misses you.
The tentacled monstrosity constricts you.
The death cob hits you!
* * * LOW HITPOINT WARNING * * *
The death cob drains your vigour!
You feel as though you will be slow longer.
You escape the tentacled monstrosity's grasp.
The death cob hits you!
You die...

,,,,,###*#.# *,*,*,* *,,*
,,,,,,...#.# *,.<#,* *,,*
,,,,.###.#.#######.#,* *,,*******
,,,,.'...........#.#,* *,,,,,,,,,
,,,,.###.#.†.....#.#.# *,********
,,,,........>d.D...#.# *,* *
,***##.#.#..÷.XD...#.# *,* * ,*
*,#,#.###...#.#.# *,* * ,*
*,*,#.#...z@..#.# *,* * ,*
*,#.#.#.....[<#.# *,* * ,*
*,#.#.###...###.###.# * ,*
*,#.#.......d.......# * ,*
#,#........####[#######*****
,***##.#........'...........,,,,,
,,,,............####.#######*****
,***##.##.......# #.# ,,*
*,*#.......# #[#


You could see a tentacled monstrosity, 2 storm dragons, a red draconian, a white
draconian and a death cob.

Vanquished Creatures
  Mara (Swamp:3)
  A juggernaut (Depths:2)
  2 caustic shrikes (Depths:2)
  Nikola (Swamp:3)
  4 golden dragons
  the Enchantress (D:15)
  3 bone dragons (Depths:5)
  6 tentacled monstrosities
  Jorgrun (D:15)
  Rupert (D:14)
  8 liches
  5 titans
  9 quicksilver dragons
  2 deep elf master archers (Elf:3)
  2 deep elf blademasters (Elf:3)
  6 sphinxes
  An ancient champion (Vaults:3)
  4 death cobs
  The ghost of gainzmaster the Peltast, an adept DDFi of Makhleb (Swamp:3)
  Gastronok (Lair:3)
  The ghost of Megustar the Severer, an adept GrBe of Trog (Swamp:1)
  2 thorn hunters (Depths:3)
  Donald (Swamp:3)
  5 shadow dragons
  Frances (Elf:1)
  6 tengu reavers
  13 storm dragons
  A fenstrider witch (Swamp:4)
  6 draconian monks
  7 fire giants
  17 vault wardens
  4 deep elf sorcerers
  9 nagarajas
  8 frost giants
  An orc warlord (Vaults:2)
  A balrug (Depths:2)
  3 draconian knights
  Aizul (Snake:2)
  7 draconian scorchers
  A draconian stormcaller (Zot:2)
  5 draconian annihilators
  4 deep elf elementalists
  3 war gargoyles (Vaults:5)
  16 very ugly things
  7 draconian shifters
  3 spriggan defenders (D:15)
  3 vampire knights
  17 ironheart preservers
  2 entropy weavers (Vaults:4)
  24 stone giants
  The ghost of Cobof the Destroyer, a journeyman OpVM of Vehumet (Lair:4)
  15 black draconians
  10 green draconians
  8 purple draconians
  10 deep elf demonologists
  14 white draconians
  12 red draconians
  8 yellow draconians
  7 deep elf annihilators
  7 bunyips
  12 spark wasps
  12 ettins
  2 eleionomae
  10 deep elf death magi
  A death ooze (Lair:4)
  Josephine (Lair:6)
  3 deep elf high priests
  13 fire dragons
  6 jiangshi
  A merfolk impaler (Depths:2)
  10 great orbs of eyes
  8 ogre magi
  23 naga warriors
  16 yaktaur captains
  Fannar (Lair:3)
  A shambling mangrove (Swamp:4)
  7 rakshasas
  6 boulder beetles
  8 spriggan air magi
  44 vault guards
  A ghost crab (Swamp:2)
  10 ice dragons
  10 centaur warriors
  26 hydras
  29 two-headed ogres
  11 alligators
  2 death knights
  14 anacondas
  17 dancing weapons
  12 deep troll shamans
  A queen ant (Lair:3)
  12 deep troll earth magi
  4 spriggan berserkers
  7 tengu warriors
  A titan zombie (Depths:2)
  5 orc high priests (Orc:2)
  4 shock serpents
  A shock serpent (shapeshifter) (Elf:3)
  18 deep elf knights
  6 vampire magi
  5 hell knights (Depths:4)
  2 sun demons (Depths:2)
  14 naga sharpshooters
  5 goliath frogs
  Nergalle (Lair:1)
  4 iron trolls
  4 shadow wraiths
  A salamander mystic (Depths:4)
  7 sea snakes
  A deep troll (shapeshifter) (Depths:5)
  8 skeletal warriors
  4 lindwurms
  15 swamp dragons
  6 bog bodies
  4 spriggan druids
  16 ironbrand convokers
  32 deep trolls
  2 glowing orange brains
  12 naga ritualists
  A sphinx zombie (Vaults:3)
  6 wizards
  A flayed ghost (D:10)
  22 deep elf archers
  2 wolf spider zombies (D:15)
  3 orange crystal statues
  A lindwurm (shapeshifter) (D:10)
  18 orc knights
  A harpy (Vaults:3)
  2 phantasmal warriors
  56 deep elf magi
  9 mana vipers
  4 orc sorcerers
  9 necromancers
  4 wolf spiders
  A frost giant zombie (Vaults:3)
  5 salamanders
  A shining eye (shapeshifter) (Depths:2)
  6 will-o-the-wisps
  3 manticores
  A moth of wrath (shapeshifter) (Depths:1)
  4 cyclopes
  14 moths of wrath
  50 ugly things
  A cyclops (shapeshifter) (Depths:5)
  15 vault sentinels
  A guardian serpent (shapeshifter) (Depths:3)
  A black mamba (shapeshifter) (Vaults:3)
  39 black mambas
  19 naga magi
  11 elephants (Lair:2)
  A stone giant skeleton (Vaults:3)
  A water nymph (shapeshifter) (Vaults:5)
  5 guardian serpents
  11 cane toads
  3 molten gargoyles (Depths:3)
  A torpor snail (shapeshifter) (Depths:1)
  5 spectral swamp worms (Depths:5)
  3 kobold demonologists
  4 gargoyles
  3 rime drakes
  8 freezing wraiths
  A yaktaur (shapeshifter) (Vaults:3)
  34 yaktaurs
  8 komodo dragons
  A komodo dragon (shapeshifter) (Depths:1)
  A spriggan skeleton (Depths:2)
  An efreet (D:13)
  2 tengu conjurers
  6 tyrant leeches
  A queen bee (shapeshifter) (Depths:1)
  5 trolls
  6 polar bears
  A hornet (shapeshifter) (Vaults:3)
  3 meliai (D:14)
  3 bloated husks
  A raiju (shapeshifter) (Elf:3)
  2 tengu simulacra (Vaults:3)
  12 hornets
  18 slime creatures
  A blink frog (shapeshifter) (Vaults:4)
  3 wind drakes (Depths:3)
  3 dream sheep (Lair:6)
  A stone giant simulacrum (Vaults:3)
  A spriggan zombie (Depths:2)
  A frost giant simulacrum (Depths:2)
  8 wraiths
  2 centaur simulacra (D:15)
  7 redbacks
  20 spriggans
  16 water elementals
  6 air elementals
  A vampire (D:15)
  5 basilisks
  65 yaks
  9 wyverns
  A wyvern (shapeshifter) (Vaults:4)
  6 fire elementals
  The ghost of kae the Ruffian, an amateur DrTm (D:3)
  12 swamp worms
  4 vampire mosquitoes (Swamp:2)
  A basilisk (shapeshifter) (Vaults:5)
  6 wargs
  4 acid dragons
  21 soldier ants
  15 water moccasins
  77 nagas
  A hell hound (Depths:4)
  A floating eye (shapeshifter) (Vaults:2)
  A hornet zombie (D:6)
  52 orc warriors
  4 black bears
  7 swamp drakes
  7 ice beasts
  A black bear (shapeshifter) (Vaults:3)
  4 phantoms
  An eye of draining (shapeshifter) (Depths:3)
  6 sky beasts
  71 wolves
  22 boggarts
  23 ogres
  A tengu (shapeshifter) (Vaults:2)
  A necrophage (D:11)
  35 centaurs
  An elf zombie (Ossuary)
  24 bullfrogs
  3 human simulacra
  9 earth elementals
  A glowing shapeshifter simulacrum (Vaults:3)
  A human skeleton (Vaults:3)
  A water moccasin zombie (D:10)
  A water moccasin skeleton (D:8)
  5 scorpions
  12 wights
  7 killer bees
  9 electric eels
  5 centaur zombies
  2 crimson imps (Depths:3)
  4 quasits
  3 bullfrog zombies
  47 orc priests
  3 human zombies
  7 jellies
  25 orc wizards
  8 hounds
  2 bullfrog skeletons
  7 centaur skeletons
  Ijyb (D:4)
  7 iguanas
  4 hell rats (Lair:6)
  24 worker ants
  A big kobold zombie (Ossuary)
  A hound skeleton (D:5)
  2 hound zombies (Ossuary)
  5 mummies
  A howler monkey zombie (D:7)
  Robin (D:2)
  A gnoll (D:14)
  22 adders
  2 shadow imps
  2 ufetubi
  2 oozes
  2 adder zombies (Ossuary)
  An adder skeleton (D:9)
  3 worms
  6 dart slugs
  9 leopard geckos
  120 orcs
  6 bats
  10 giant cockroaches
  2 gnoll zombies (Ossuary)
  8 hobgoblins
  19 jackals
  11 kobolds
  6 quokkas
  A ball python (D:2)
  5 frilled lizards
  24 goblins
  3 goblin zombies (Ossuary)
  2 hobgoblin zombies (Ossuary)
  5 jackal zombies (Ossuary)
  4 kobold zombies
  A leopard gecko skeleton (D:4)
  7 orc zombies
  2 quokka skeletons
  7 quokka zombies (Ossuary)
  6 rats
  3 rat zombies (Ossuary)
  3 fire vortices (Depths:3)
2386 creatures vanquished.

Vanquished Creatures (collateral kills)
  A vault guard (Vaults:4)
1 creature vanquished.

Vanquished Creatures (others)
  A nagaraja (Snake:4)
  A draconian scorcher (Zot:2)
  A draconian knight (Zot:1)
  A draconian shifter (Zot:2)
  A green draconian (Zot:2)
  A deep elf knight (Elf:3)
  A wizard (D:15)
  2 deep elf magi
  A moth of wrath (Zot:3)
  A guardian serpent (Snake:4)
  A centaur (D:13)
  An earth elemental (Depths:3)
  A wyvern skeleton (D:7)
  An orc priest (D:13)
  An orc (D:13)
  18 foxfires
  62 fungi
  155 plants
  5 toadstools (D:6)
256 creatures vanquished.

Grand Total: 2643 creatures vanquished

Notes
Turn   | Place    | Note
-------+----------+-------------------------------------------
     0 | D:1      | tilp the Halfling Hunter began the quest for the Orb.
     0 | D:1      | Reached XP level 1. HP: 14/14 MP: 1/1
   141 | D:1      | Reached XP level 2. HP: 19/19 MP: 2/2
   333 | D:1      | Reached XP level 3. HP: 18/24 MP: 3/3
   806 | D:2      | Noticed Robin
   878 | D:2      | Reached XP level 4. HP: 25/29 MP: 4/4
  1060 | D:2      | Found a hazy altar of Hepliaklqana.
  1066 | D:2      | Found a glowing golden altar of the Shining One.
  1066 | D:2      | Found a shimmering altar of Xom.
  1070 | D:2      | Found an iron altar of Okawaru.
  1070 | D:2      | Found an iron altar of Okawaru.
  1070 | D:2      | Found a hazy altar of Hepliaklqana.
  1211 | D:2      | Found a hide-covered altar of Uskayaw.
  1212 | D:2      | Found a bloodstained altar of Trog.
  1485 | D:2      | Found an iron altar of Okawaru.
  1490 | D:2      | Found a glowing golden altar of the Shining One.
  1492 | D:2      | Found a radiant altar of Vehumet.
  1493 | D:2      | Found a broken altar of Ashenzari.
  1494 | D:2      | Found a sacrificial altar of Ru.
  1497 | D:2      | Became a worshipper of Warmaster Okawaru
  1576 | D:2      | Reached XP level 5. HP: 34/34 MP: 5/5
  1639 | D:2      | Killed Robin
  1809 | D:2      | Found an ornate altar of the Wu Jian Council.
  2072 | D:3      | Reached XP level 6. HP: 39/39 MP: 6/6
  2207 | D:3      | Found a runed translucent door.
  2212 | D:3      | Noticed kae's ghost (amateur DrTm)
  2363 | D:3      | Reached skill level 10 in Slings
  2781 | D:4      | Noticed a phantom
  2805 | D:4      | Killed a phantom
  3035 | D:4      | Noticed a sky beast
  3039 | D:4      | Killed a sky beast
  3039 | D:4      | Reached * piety under Okawaru
  3039 | D:4      | Reached XP level 7. HP: 44/44 MP: 7/7
  3084 | D:4      | Found a hazy altar of Hepliaklqana.
  3337 | D:4      | Noticed Ijyb
  3355 | D:4      | Killed Ijyb
  3677 | D:5      | Entered Level 5 of the Dungeon
  3724 | D:5      | Found a shadowy altar of Dithmenos.
  3899 | D:5      | Reached skill level 2 in Fighting
  3925 | D:5      | Found a glowing silver altar of Zin.
  3999 | D:5      | Found a snail-covered altar of Cheibriados.
  4010 | D:5      | Reached skill level 1 in Invocations
  4091 | D:5      | Found a shimmering blue altar of Sif Muna.
  4124 | D:5      | Reached skill level 1 in Evocations
  4124 | D:5      | Reached XP level 8. HP: 50/50 MP: 8/8
  4631 | D:6      | Reached ** piety under Okawaru
  4686 | D:6      | Found a sand-covered staircase.
  4726 | Ossuary  | Entered an ossuary
  5174 | Ossuary  | Reached skill level 3 in Fighting
  5623 | D:6      | Reached XP level 9. HP: 41/57 MP: 11/11
  6046 | D:7      | Reached *** piety under Okawaru
  6171 | D:7      | Received a gift from Okawaru
  6182 | D:7      | Reached skill level 4 in Fighting
  6432 | D:7      | Found a stormy altar of Qazlal.
  6481 | D:7      | Reached skill level 5 in Dodging
  6692 | D:7      | Found a staircase to the Ecumenical Temple.
  6741 | D:7      | Reached skill level 5 in Invocations
  7224 | D:7      | Received a gift from Okawaru
  7580 | D:7      | Reached XP level 10. HP: 56/63 MP: 14/14
  8054 | D:8      | Reached **** piety under Okawaru
  8247 | D:8      | Identified the ring of Situs {Str+4 Dex+6}
  8639 | D:8      | Noticed a deep elf mage
  8644 | D:8      | Killed a deep elf mage
  8644 | D:8      | Reached skill level 5 in Evocations
  8924 | D:9      | Reached skill level 5 in Fighting
  9182 | D:9      | Reached ***** piety under Okawaru
  9383 | D:9      | Received a gift from Okawaru
  9383 | D:9      | Reached XP level 11. HP: 56/72 MP: 12/16
  9406 | D:9      | Reached skill level 6 in Fighting
  9477 | D:9      | Found a staircase to the Lair.
  9875 | D:9      | Reached skill level 1 in Armour
  9889 | D:9      | Received a gift from Okawaru
  9954 | D:9      | Found a white marble altar of Elyvilon.
 10405 | D:10     | Entered Level 10 of the Dungeon
 10771 | D:10     | Received a gift from Okawaru
 10772 | D:10     | Got an ichor-stained ring mail {god gift}
 10790 | D:9      | Identified the +1 ring mail of Repulsion {rElec rF- Str+7}
                  | (Okawaru gifted it to you on level 10 of the Dungeon)
 10953 | D:10     | Found a runed translucent door.
 10954 | D:10     | Noticed a six-headed hydra
 10962 | D:10     | Killed a six-headed hydra
 10970 | D:10     | Noticed a fire giant
 10971 | D:10     | Noticed a stone giant
 11513 | D:10     | Found a staircase to the Orcish Mines.
 11704 | D:10     | Noticed a fire giant
 11705 | D:10     | Noticed a fire dragon
 11715 | D:10     | Identified a scroll of acquirement
 11715 | D:10     | Acquired 855 gold pieces
 11741 | D:11     | Noticed a two-headed ogre
 11761 | D:10     | Killed a two-headed ogre
 12262 | D:11     | Reached skill level 7 in Fighting
 12496 | D:11     | Found a sacrificial altar of Ru.
 12724 | D:11     | Found Ricitzurr's Book Shop.
 12782 | D:11     | Reached XP level 12. HP: 79/80 MP: 18/18
 12814 | D:11     | Received a gift from Okawaru
 12933 | D:11     | Noticed a sphinx
 12933 | D:11     | Noticed a flayed ghost
 12933 | D:11     | Noticed an ogre mage
 13128 | D:3      | Killed kae's ghost
 13275 | Lair:1   | Entered Level 1 of the Lair of Beasts
 13304 | Lair:1   | Received a gift from Okawaru
 13417 | Lair:1   | Reached ****** piety under Okawaru
 13466 | Lair:1   | Reached skill level 10 in Invocations
 13472 | Lair:1   | Reached skill level 10 in Dodging
 13740 | Lair:1   | Reached skill level 8 in Fighting
 13826 | Lair:1   | Received a gift from Okawaru
 14370 | Lair:1   | Got a crystal rapier
 14566 | Lair:1   | Noticed Nergalle
 14753 | Lair:1   | Killed Nergalle
 14753 | Lair:1   | Received a gift from Okawaru
 15897 | Lair:2   | Received a gift from Okawaru
 16327 | Lair:2   | Identified the cursed +2 rapier of Summer {speed, rElec
                  | rPois Int+4} (You found it on level 1 of the Lair of
                  | Beasts)
 16378 | Lair:2   | Reached skill level 1 in Short Blades
 16441 | Lair:2   | Reached XP level 13. HP: 82/87 MP: 18/20
 17090 | Lair:2   | Noticed a six-headed hydra
 17112 | Lair:2   | Killed a six-headed hydra
 17484 | Lair:2   | Found a staircase to the Snake Pit.
 17503 | Lair:2   | Reached skill level 9 in Fighting
 17503 | Lair:2   | Reached skill level 5 in Short Blades
 17519 | Lair:2   | Received a gift from Okawaru
 18214 | Lair:3   | Received a gift from Okawaru
 18216 | Lair:3   | Found a staircase to the Swamp.
 18264 | Lair:3   | Noticed Gastronok
 18362 | Lair:2   | Received a gift from Okawaru
 18839 | Lair:2   | Reached skill level 10 in Fighting
 19817 | Lair:3   | Killed Gastronok
 19817 | Lair:3   | Received a gift from Okawaru
 19993 | Lair:3   | Reached XP level 14. HP: 90/99 MP: 19/21
 20337 | Lair:3   | Reached skill level 5 in Stealth
 20495 | Lair:3   | Noticed Fannar
 20511 | Lair:3   | Killed Fannar
 20511 | Lair:3   | Reached skill level 5 in Armour
 21363 | Lair:4   | Found a runed translucent gate.
 21363 | Lair:4   | Found a runed translucent gate.
 21363 | Lair:4   | Found a runed translucent gate.
 21369 | Lair:4   | Noticed Cobof's ghost (journeyman OpVM)
 22137 | Lair:4   | Found a viscous altar of Jiyva.
 22223 | Lair:5   | Received a gift from Okawaru
 22635 | Lair:5   | You fall into a shaft and drop 1 floor!
 22635 | Lair:6   | Entered Level 6 of the Lair of Beasts
 23029 | Lair:6   | Noticed Josephine
 23036 | Lair:6   | Killed Josephine
 23501 | Lair:6   | Found a viscous altar of Jiyva.
 23501 | Lair:6   | Found a staircase to the Slime Pits.
 23948 | Lair:6   | Received a gift from Okawaru
 24276 | Lair:5   | Received a gift from Okawaru
 24976 | Lair:6   | Reached XP level 15. HP: 55/105 MP: 15/23
 25957 | Lair:6   | Reached skill level 11 in Fighting
 25975 | Lair:6   | Reached skill level 1 in Shields
 26780 | D:11     | Killed a sphinx
 26983 | Orc:1    | Entered Level 1 of the Orcish Mines
 27394 | Orc:1    | Found a roughly hewn altar of Beogh.
 27582 | Orc:2    | Entered Level 2 of the Orcish Mines
 27625 | Orc:2    | Reached skill level 10 in Evocations
 27651 | Orc:2    | Found Maofim's Assorted Antiques.
 27727 | Orc:2    | Found Qaenanod's Antique Weapon Shop.
 27746 | Orc:2    | Found Xemyhev's Assorted Antiques.
 27747 | Orc:2    | Found a staircase to the Elven Halls.
 27799 | Orc:2    | Found Atsipn's Armour Shop.
 28157 | Orc:2    | Received a gift from Okawaru
 29338 | Orc:2    | Found Usymiz's Magic Scroll Emporium.
 29348 | Orc:2    | Found Vauf's Armour Emporium.
 29349 | Orc:2    | Found Jisteirph's Assorted Antiques.
 29349 | Orc:2    | Found Kaxtuntuo's Antique Armour Shoppe.
 29361 | Orc:2    | Bought a glimmering scale mail for 288 gold pieces
 29361 | Orc:2    | Bought a dazzling buckler for 304 gold pieces
 29361 | Orc:2    | Identified the +2 scale mail of Absence {*Contam Regen+
                  | Dex+4} (You bought it in a shop on level 2 of the Orcish
                  | Mines)
 29362 | Orc:2    | Identified the -7 buckler of Lugonu's Fury {SInv} (You
                  | bought it in a shop on level 2 of the Orcish Mines)
 29367 | Orc:2    | Bought a fine ivory amulet for 135 gold pieces
 29367 | Orc:2    | Identified the amulet "Jedatul" {Acrobat rF++ rN+} (You
                  | bought it in a shop on level 2 of the Orcish Mines)
 29383 | Orc:2    | Bought a shiny buckler for 240 gold pieces
 29383 | Orc:2    | Bought a glowing helmet for 240 gold pieces
 29465 | Orc:2    | Bought a scroll of identify for 54 gold pieces
 29465 | Orc:2    | Bought a scroll of blinking for 202 gold pieces
 29465 | Orc:2    | Bought a potion of heal wounds for 135 gold pieces
 29465 | Orc:2    | Bought a scroll of teleportation for 81 gold pieces
 29511 | Orc:2    | Bought a scroll labelled HANUON ROFO for 24 gold pieces
 29511 | Orc:2    | Bought a potion of heal wounds for 120 gold pieces
 29511 | Orc:2    | Bought a scroll of remove curse for 72 gold pieces
 29511 | Orc:2    | Bought 2 potions of curing for 144 gold pieces
 29511 | Orc:2    | Bought a potion of heal wounds for 120 gold pieces
 29591 | Orc:2    | Bought a scroll of blinking for 97 gold pieces
 29591 | Orc:2    | Bought a scroll of enchant weapon for 97 gold pieces
 29592 | Orc:2    | Bought a scroll of identify for 54 gold pieces
 29592 | Orc:2    | Bought a scroll of fog for 54 gold pieces
 29606 | Orc:2    | Bought a scroll of teleportation for 39 gold pieces
 29606 | Orc:2    | Bought a scroll of remove curse for 39 gold pieces
 29606 | Orc:2    | Bought a scroll of teleportation for 39 gold pieces
 29606 | Orc:2    | Bought a scroll of teleportation for 39 gold pieces
 29607 | Orc:2    | Bought a scroll of teleportation for 81 gold pieces
 29607 | Orc:2    | Bought a scroll of remove curse for 81 gold pieces
 29668 | Orc:2    | Bought a wand of paralysis (7) for 54 gold pieces
 29929 | D:12     | Reached XP level 16. HP: 41/114 MP: 25/25
 30632 | D:13     | Reached skill level 12 in Fighting
 30721 | D:13     | Found a runed translucent door.
 30732 | D:13     | Found a runed translucent door.
 30876 | D:13     | Found Hehyrem's Armour Boutique.
 30943 | D:13     | Bought a +3 chain mail of magic resistance for 450 gold
                  | pieces
 31161 | D:13     | Received a gift from Okawaru
 31283 | D:13     | Found a runed translucent door.
 31294 | D:13     | Found a runed translucent door.
 31890 | D:13     | Acquired 1025 gold pieces
 32115 | D:14     | Reached skill level 15 in Dodging
 32145 | D:14     | Found a flagged portal.
 32167 | Bailey   | Entered a bailey
 32391 | Bailey   | Received a gift from Okawaru
 32838 | D:14     | Noticed Rupert
 32844 | D:14     | Killed Rupert
 32913 | D:14     | Found Fieten's Jewellery Shoppe.
 32925 | D:14     | Bought an uncursed ring of poison resistance for 200 gold
                  | pieces
 32925 | D:14     | Bought the ring "Reit" {Ice +Inv rElec} for 460 gold pieces
 32982 | D:14     | Received a gift from Okawaru
 32985 | D:14     | Got a masterwork cloak {god gift}
 32986 | D:14     | Identified the +3 cloak "Attie" {Str+2 Int+10 Dex-3}
                  | (Okawaru gifted it to you on level 14 of the Dungeon)
 33090 | D:14     | Found a gate to the Vaults.
 34410 | D:15     | Entered Level 15 of the Dungeon
 34872 | D:15     | Reached XP level 17. HP: 121/121 MP: 26/26
 34909 | D:15     | Reached skill level 13 in Fighting
 35518 | D:15     | Received a gift from Okawaru
 35616 | D:15     | Received a gift from Okawaru
 35899 | D:15     | Noticed Jorgrun
 35909 | D:15     | Killed Jorgrun
 36263 | D:15     | Found a staircase to the Depths.
 36642 | Snake:1  | Entered Level 1 of the Snake Pit
 37233 | Snake:1  | Received a gift from Okawaru
 37453 | Snake:1  | Found Jeqaseco's Antique Armour Shoppe.
 37461 | Snake:1  | Bought a fine kite shield for 332 gold pieces
 37461 | Snake:1  | Identified the +4 kite shield "Avony" {MR+ Str-5 Int+4}
                  | (You bought it in a shop on level 1 of the Snake Pit)
 38407 | Snake:1  | Received a gift from Okawaru
 38564 | Snake:2  | Reached skill level 14 in Fighting
 39047 | Snake:2  | Received a gift from Okawaru
 39173 | Snake:2  | Noticed Aizul
 39192 | Snake:2  | Killed Aizul
 39192 | Snake:2  | Reached skill level 15 in Invocations
 39559 | Snake:2  | Found Zeidyxo's Assorted Antiques.
 39559 | Snake:2  | Found Utosimp's Antique Armour Shop.
 39559 | Snake:2  | Found Xiuschulu's Jewellery Shop.
 39564 | Snake:2  | Found Fiap's Magic Scroll Shop.
 39622 | Snake:2  | Bought 2 scrolls of enchant armour for 270 gold pieces
 40464 | Snake:2  | Reached XP level 18. HP: 76/132 MP: 22/29
 40965 | Snake:3  | Received a gift from Okawaru
 41141 | Snake:3  | Reached skill level 15 in Fighting
 41361 | Snake:3  | Found the +2 cloak of the Thief {*Fog Slay-2 SInv Stlth+}
 41361 | Snake:3  | Found a transporter.
 41798 | Snake:3  | Found a transporter.
 42100 | Snake:4  | Entered Level 4 of the Snake Pit
 42227 | Swamp:1  | Entered Level 1 of the Swamp
 42309 | Swamp:1  | Received a gift from Okawaru
 42388 | Swamp:1  | Identified the +0 rapier "Zytryit" {vamp, Str+4 Int+2}
                  | (Okawaru gifted it to you on level 1 of the Swamp)
 42955 | Swamp:1  | Found a large runed translucent door.
 42955 | Swamp:1  | Found a large runed translucent door.
 42957 | Swamp:1  | Noticed Megustar's ghost (adept GrBe)
 44135 | Swamp:2  | Received a gift from Okawaru
 44334 | Swamp:3  | Noticed Mara
 44408 | Swamp:3  | Noticed tilp's illusion
 44460 | Swamp:3  | Identified the +2 pair of gloves of the Sufficient Wumpus
                  | {rElec Str-3 Dex+9 Stlth-}
 44460 | Swamp:3  | Noticed Nikola
 44481 | Swamp:3  | Noticed tilp's illusion
 44485 | Swamp:3  | Killed Mara
 44485 | Swamp:3  | Reached skill level 10 in Armour
 44495 | Swamp:3  | Killed Nikola
 44495 | Swamp:3  | Reached XP level 19. HP: 73/139 MP: 30/30
 45561 | Swamp:3  | Noticed Donald
 45572 | Swamp:3  | Killed Donald
 45636 | Swamp:3  | Found a runed translucent door.
 45637 | Swamp:3  | Noticed gainzmaster's ghost (adept DDFi)
 46049 | Swamp:4  | Entered Level 4 of the Swamp
 46495 | Swamp:4  | Reached skill level 16 in Fighting
 47436 | Swamp:4  | Received a gift from Okawaru
 47628 | Swamp:4  | Received a gift from Okawaru
 48387 | Swamp:4  | Got a decaying rune of Zot
 48464 | Swamp:4  | Acquired 782 gold pieces
 48686 | Snake:3  | Reached skill level 17 in Fighting
 50874 | Snake:4  | Reached XP level 20. HP: 153/153 MP: 31/31
 51540 | Snake:4  | Reached skill level 18 in Fighting
 51781 | Snake:4  | Received a gift from Okawaru
 52702 | Snake:4  | Found Zoganwas's Gadget Emporium.
 52710 | Snake:4  | Bought a wand of paralysis (6) for 160 gold pieces
 52710 | Snake:4  | Bought a phantom mirror for 800 gold pieces
 52710 | Snake:4  | Bought a wand of acid (12) for 640 gold pieces
 53151 | Snake:4  | Received a gift from Okawaru
 53468 | Snake:4  | Got a serpentine rune of Zot
 54041 | Vaults:1 | Entered Level 1 of the Vaults
 54504 | Vaults:1 | Reached skill level 19 in Fighting
 55179 | Vaults:1 | Received a gift from Okawaru
 55350 | Vaults:1 | Paralysed by an ogre mage for 7 turns
 55546 | Vaults:1 | Acquired 609 gold pieces
 56457 | Vaults:1 | Received a gift from Okawaru
 56994 | Vaults:2 | Noticed a lich
 57367 | Vaults:2 | Reached XP level 21. HP: 141/163 MP: 32/32
 57444 | Vaults:2 | Found Gyvyffurr's Gadget Shop.
 57452 | Vaults:2 | Bought a condenser vane for 880 gold pieces
 58077 | Vaults:2 | Reached skill level 20 in Fighting
 58444 | Vaults:2 | Noticed a lich
 59133 | Vaults:2 | Received a gift from Okawaru
 59146 | Vaults:2 | Identified the +2 pair of boots "Foutzirgh" {-Tele Rampage
                  | rCorr Str+6 Int+2} (Okawaru gifted it to you on level 2 of
                  | the Vaults)
 60232 | Vaults:2 | Identified the cursed +2 trident of Action {vorpal, rElec
                  | Str+6 Stlth+}
 61020 | Vaults:2 | Killed a lich
 61045 | Vaults:2 | Killed a lich
 61838 | Vaults:2 | Received a gift from Okawaru
 62383 | Vaults:3 | Received a gift from Okawaru
 62386 | Vaults:3 | Identified the +0 pair of boots of Okawaru {*Slow rPois rN+
                  | Regen+} (Okawaru gifted it to you on level 3 of the Vaults)
 62910 | Vaults:3 | Reached XP level 22. HP: 171/171 MP: 34/34
 64612 | Vaults:3 | Found a staircase to the Crypt.
 65855 | Vaults:4 | Received a gift from Okawaru
 65864 | Vaults:4 | Reached skill level 15 in Evocations
 66309 | Vaults:4 | Received a gift from Okawaru
 66386 | Vaults:3 | Received a gift from Okawaru
 68033 | Vaults:4 | Reached skill level 5 in Shields
 68049 | Vaults:4 | Reached XP level 23. HP: 116/176 MP: 36/36
 68597 | Vaults:4 | Found Gozag's Assorted Antiques.
 68607 | Vaults:4 | Found an opulent altar of Gozag.
 68607 | Vaults:4 | Found Gozag's Antique Weapon Shop.
 68610 | Vaults:4 | Bought a scintillating marble ring for 500 gold pieces
 68610 | Vaults:4 | Identified the ring "Umuggaah" {Ice rN+ MP+9 Int+4} (You
                  | bought it in a shop on level 4 of the Vaults)
 68655 | Vaults:4 | Found Gozag's Assorted Antiques.
 69847 | Vaults:4 | Received a gift from Okawaru
 70570 | Elf:1    | Entered Level 1 of the Elven Halls
 70632 | Elf:1    | Received a gift from Okawaru
 71195 | Elf:1    | Identified the +1 pair of boots of the Iron Devil {*Contam
                  | rElec rN++} (You found it on level 1 of the Elven Halls)
 71589 | Elf:1    | Noticed Frances
 71597 | Elf:1    | Killed Frances
 72300 | Elf:2    | Found a runed translucent gate.
 72300 | Elf:2    | Found a runed translucent gate.
 72300 | Elf:2    | Found a runed translucent gate.
 72616 | Elf:3    | Entered Level 3 of the Elven Halls
 72616 | Elf:3    | Found Ceipur's Antique Weapon Emporium.
 72632 | Elf:3    | Found Saff's Antique Weapon Shoppe.
 73043 | Elf:3    | Found a shimmering blue altar of Sif Muna.
 73893 | Elf:3    | Gained mutation: You are clumsy. (Dex -2) [a neqoxec]
 74028 | Elf:3    | Received a gift from Okawaru
 74105 | Elf:3    | Identified the +2 triple sword of Action {freeze, rElec
                  | rPois rN+ SInv}
 74123 | Elf:3    | Identified the +8 falchion "Qyxuv" {pain, *Corrode rPois
                  | rN+ Stlth+}
 74398 | Elf:3    | Identified the +2 war axe of Bodily Harmony {freeze, MR+
                  | Int+3}
 74413 | Elf:3    | Reached XP level 24. HP: 152/184 MP: 36/36
 74415 | Elf:3    | Identified the +3 scimitar "Ilonoshe" {pain, rF+ MR+ Str+6}
 74431 | Elf:3    | Received a gift from Okawaru
 74627 | Elf:3    | Identified the +4 chain mail "Jiwkecer" {Dex+6}
 75111 | Elf:3    | Found the +6 shillelagh "Devastator" {shatter}
 75128 | Elf:3    | Identified the cursed +0 chain mail "Cucsoepo" {rPois MR+++
                  | Stlth+} (You found it on level 3 of the Elven Halls)
 75131 | Elf:3    | Identified the +2 chain mail "Wefe Yte" {rElec MR+ Dex+3
                  | Stlth+} (You found it on level 3 of the Elven Halls)
 75940 | D:13     | Identified a +0 pair of boots of running (You found it on
                  | level 13 of the Dungeon)
 76238 | Swamp:1  | Killed Megustar's ghost
 76411 | Swamp:3  | Killed gainzmaster's ghost
 76866 | Snake:3  | Identified the +2 helmet of Purpose {+Fly rElec Dex+3} (You
                  | found it on level 3 of the Snake Pit)
 77035 | Lair:4   | Killed Cobof's ghost
 77114 | Lair:4   | Identified the ring of Foolhardiness {*Drain rF+++ AC+4
                  | Dex-5 SInv} (You found it on level 4 of the Lair of Beasts)
 77359 | Depths:1 | Entered Level 1 of the Depths
 77570 | Depths:1 | Found a gateway to Hell.
 77656 | Depths:1 | Noticed the Enchantress
 78459 | D:15     | Killed the Enchantress
 80332 | Depths:2 | Received a gift from Okawaru
 80700 | Depths:2 | Received a gift from Okawaru
 80843 | Depths:2 | Reached XP level 25. HP: 145/190 MP: 35/36
 80850 | Depths:2 | Received a gift from Okawaru
 82766 | Depths:2 | Identified the amulet "Heakkuf" {Faith rPois rN++ Str-4
                  | Dex+2} (You found it on level 2 of the Depths)
 82860 | Depths:2 | Reached skill level 10 in Shields
 83054 | Depths:2 | Noticed a caustic shrike
 83072 | Depths:2 | Killed a caustic shrike
 83139 | Depths:2 | Noticed a caustic shrike
 83144 | Depths:2 | Killed a caustic shrike
 84112 | Depths:3 | Found a one-way gate leading to the halls of Pandemonium.
 84116 | Depths:3 | Reached skill level 21 in Fighting
 84271 | Depths:3 | Received a gift from Okawaru
 84275 | Depths:3 | Found Muevipit's Book Shop.
 84478 | Depths:3 | Bought a book of Cantrips for 320 gold pieces
 85108 | Depths:3 | Found a runed translucent door.
 85110 | Depths:3 | Found a shimmering altar of Xom.
 85110 | Depths:3 | Noticed Baeledd's ghost (adept MiBe)
 85112 | Depths:3 | Identified the cursed +1 scimitar of World's End {chaos,
                  | Int+2}
 86551 | Depths:3 | Identified the Collected Works on Air
 86554 | Depths:3 | Identified Aloshres's Disquisition on Flames
 86812 | Depths:2 | Noticed a juggernaut
 86829 | Depths:2 | Killed a juggernaut
 86829 | Depths:2 | Reached XP level 26. HP: 135/199 MP: 32/36
 88813 | Depths:4 | Found a one-way gate to the infinite horrors of the Abyss.
 88848 | Depths:4 | Received a gift from Okawaru
 89851 | Depths:5 | Entered Level 5 of the Depths
 89851 | Depths:5 | Found a gateway to a ziggurat.
 89863 | Depths:5 | Received a gift from Okawaru
 90541 | Depths:5 | Received a gift from Okawaru
 91096 | Depths:5 | Received a gift from Okawaru
 91915 | Depths:5 | Acquired the amulet of Mauwnuo {Reflect rPois MR+ Int-2
                  | Dex+4 SH+5}
 91990 | Depths:5 | Found Henub's Jewellery Emporium.
 91991 | Depths:5 | Found Laceurph's Gadget Boutique.
 91991 | Depths:5 | Found Eneob's Gadget Boutique.
 93172 | Depths:5 | Received a gift from Okawaru
 93179 | Depths:5 | Found a runed translucent door.
 93208 | Depths:5 | Found a runed translucent door.
 93210 | Depths:5 | Found a runed translucent door.
 93226 | Depths:5 | Reached XP level 27. HP: 206/206 MP: 37/37
 93243 | Depths:5 | Found a runed translucent door.
 93274 | Depths:5 | Found a runed translucent door.
 94481 | Depths:5 | Found a runed translucent door.
 94507 | Depths:5 | Reached skill level 15 in Armour
 94684 | Depths:5 | Found a gate to the Realm of Zot.
 94740 | Depths:5 | Received a gift from Okawaru
 95348 | Vaults:5 | Entered Level 5 of the Vaults
 95359 | Vaults:5 | Received a gift from Okawaru
 95841 | Vaults:5 | Received a gift from Okawaru
 95865 | Vaults:5 | Identified the +5 ring mail of the Game of Kings {rC- rN+++
                  | rCorr Stlth+}
 95898 | Vaults:5 | Received a gift from Okawaru
 95928 | Vaults:5 | Received a gift from Okawaru
 96187 | Vaults:5 | Reached skill level 22 in Fighting
 96309 | Vaults:5 | Got a silver rune of Zot
 96393 | Vaults:5 | Received a gift from Okawaru
 97596 | Vaults:5 | Identified the ring "Haumoxeh" {*Contam +Fly rN++ Dex+5}
 97695 | Vaults:5 | Identified the +4 quarterstaff of the Volcano {vorpal, +Fly
                  | rN+ Str+4 Int-2}
 97881 | Vaults:4 | Received a gift from Okawaru
 98355 | Vaults:5 | Identified the +8 falchion "Renyiluq" {vorpal, Str+9 Int+4}
 98438 | Vaults:5 | Identified the +4 battleaxe "Bije" {drain, rElec Dex+9}
 99429 | Vaults:4 | Identified the +4 pair of boots of Unambiguity {+Inv rC++}
                  | (Okawaru gifted it to you on level 4 of the Vaults)
 99698 | Depths:2 | Identified the +0 pair of gloves of Ethics {Str+4} (Okawaru
                  | gifted it to you on level 2 of the Depths)
 99843 | Zot:1    | Entered Level 1 of the Realm of Zot
100059 | Zot:1    | Reached skill level 23 in Fighting
100312 | Zot:1    | Received a gift from Okawaru
102566 | Zot:2    | Reached skill level 24 in Fighting
104326 | Zot:3    | Received a gift from Okawaru
105219 | Zot:2    | Received a gift from Okawaru
107348 | Zot:3    | HP: 10/214 [death cob (14)]
107349 | Zot:3    | Slain by a death cob

Illustrated notes

Levels and vault maps discovered:
D:1:      scummos_arrival_star, layout_rooms
D:2:      layout_basic, doesnt_xom_only_xom, minitemple,
          nicolae_overflow_hidden_temple, minmay_distorted, uniq_robin
D:3:      layout_loops_ring, ebering_ghost_reflecting_pool, eino_tiny_chamber
D:4:      kennysheep_the_goblin_king, layout_cave_pools, lemuel_crystal_altar
D:5:      layout_loops_ring, old_standard_altar, led_sif_pool, zin_academy,
          nicolae_dithmenos_the_darkroom
D:6:      layout_rooms, gup_ossuary_entry_pyramid, minmay_gold_behind_fungi
D:7:      layout_layer_cave, grunt_qazlal_clouds, lemuel_temple_firewalk_b,
          minmay_mini_ossuary
D:8:      layout_loops_ring, guppyfry_early_elven_hall
D:9:      layout_basic, kennysheep_little_box, minmay_lair_entry_grove
D:10:     layout_loops_ring, minmay_orc_entry_guard_dogs, minivault_13
D:11:     layout_basic, serial_shops, shop_fountains, minivault_25_ag,
          nicolae_ru_awakened_eye
D:12:     layout_rooms
D:13:     layout_roguey [special_room_orc], serial_shops, shop, serial_curves,
          eino_curves_03, eino_curves_02, minmay_statue_crystal_thing
D:14:     layout_roguey, erik_vaults_2, enter_bailey_7, serial_rivers,
          chequers_serial_rivers_micro_d, chequers_serial_rivers_micro_b,
          chequers_serial_rivers_large_a, chequers_serial_rivers_large_b,
          chequers_serial_rivers_micro_c, chequers_serial_rivers_room_b,
          serial_park_tiny_pond, serial_shops, shop, kennysheep_generic_room_10,
          uniq_rupert
D:15:     grunt_enter_depths_magical_seal, layout_stronghold, minivault_19,
          serial_rivers, chequers_serial_rivers_small_3,
          chequers_serial_rivers_micro_a, chequers_serial_rivers_small_a,
          chequers_serial_rivers_micro_c, chequers_serial_rivers_room_b,
          chequers_serial_rivers_marsh, minmay_misc_feat_more_columns,
          grunt_ministairs_3, uniq_jorgrun
Lair:1:   layout_regular_city, grunt_forest_large_clearings, uniq_nergalle
Lair:2:   layout_cave_pods, minmay_snake_entry_guardpost_small,
          infiniplex_staircase_pool_2
Lair:3:   layout_loops_ring, skrybe_swamp_entry_bodies, minivault_29,
          lemuel_fruit_tree, uniq_fannar, uniq_gastronok
Lair:4:   layout_gridlike, gammafunk_ghost_ooze
Lair:5:   layout_misc_corridors, minmay_stone_trees_small, grunt_megastairs_2,
          serial_bayou_shore_b
Lair:6:   minmay_lair_end_enchanted_forest, layout_cave_pods,
          dpeg_slime_entry_enclosed_altar, st_stairs_9, minmay_shattered_shrine,
          uniq_josephine
Swamp:1:  layout_basic_swamp, ebering_ghost_disaster_area,
          hangedman_swamp_ruin_hall
Swamp:2:  layout_basic_swamp, nicolae_swamp_very_dense_foliage, swamp_pool1
Swamp:3:  layout_falls_marsh, ebering_ghost_inner_flame,
          evilmike_swamp_ruin_house_5, swamp_pool4, infiniplex_staircase_pool,
          uniq_donald, uniq_mara, uniq_nikola
Swamp:4:  swamp_alternative, layout_basic_swamp
Snake:1:  layout_basic, serial_shops, shop, guppyfry_snake_island
Snake:2:  layout_basic, minmay_shop_grid_forest, uniq_aizul
Snake:3:  gammafunk_sealed_arena, layout_grid_maze, grunt_megastairs_4
Snake:4:  grunt_snake_rune_spirals, layout_onion, serial_shops, shop,
          grunt_ministairs_10, nrook_loot_triangle, statue_in_the_mist_lemuel,
          nicolae_large_snake_swirl
Orc:1:    layout_caves, basic_altar
Orc:2:    st_orc_pillars, layout_diamond_mine, serial_shops,
          nicolae_shop_statue_plus, shop, shop_fountains, shop
Elf:1:    eino_elf_arrival_customs, layout_loops_ring,
          hangedman_corner_corridor, uniq_frances
Elf:2:    layout_geoelf_diagonals, nicolae_elf_big_sculpture_3,
          unseen_surprise_small, uniq_azrael
Elf:3:    elf_hall_gauntlet_narrow, layout_gridlike, basic_altar,
          minmay_misc_feat_columns, minmay_shoptagon
Vaults:1: nicolae_vaults_stairing_the_circle, ontoclasm_vaults_shuriken,
          v_misc_23, v_pattern_4, v_misc_25, nicolae_vaults_little_squares_4,
          nicolae_vaults_display_case, nicolae_vaults_shelves_hall,
          layout_vaults_omnigrid
Vaults:2: vaults_room_boxed, st_greater_box_5, nicolae_vaults_little_squares_3,
          hangedman_vaults_nodes, v_misc_31, hangedman_vaults_stream,
          nicolae_vaults_specimen_jars, layout_vaults_chaotic_city,
          serial_shops, nicolae_shop_trees
Vaults:3: minmay_crypt_entry_simple_plaza, vaults_room_ringed_pool,
          nicolae_vaults_rhombus_7, v_pattern_5,
          nicolae_vaults_network_quinsquares
          [nicolae_vaults_network_quincunx_subvault,
          nicolae_vaults_network_quincunx_subvault,
          nicolae_vaults_network_quincunx_subvault,
          nicolae_vaults_network_quincunx_subvault],
          nicolae_vaults_little_squares_6, vaults_room_pools, v_misc_27,
          v_alt_pattern_6, hangedman_vaults_stitches, ontoclasm_vaults_fault,
          grunt_vaults_funnel, v_misc_22, vaults_dpeg_ring,
          ontoclasm_vaults_hangar, nicolae_vaults_gold_heap,
          hangedman_vaults_corner_blocks, layout_vaults_omnibox
Vaults:4: vaults_dpeg_cross, v_alt_pattern_2, hangedman_vaults_unwind,
          v_misc_12, nicolae_vaults_network_barrier,
          nicolae_vaults_little_squares_1, v_misc_2,
          vaults_mumra_minichess_inversion, vaults_dpeg_doors,
          kennysheep_vaults_gozag_temple, nicolae_vaults_theta,
          layout_vaults_maze
Vaults:5: serial_shops
Depths:1: layout_twisted_cross, hell_entry, hangedman_abyss_or_decor_clamps,
          lightli_fourway_metalbox, uniq_enchantress
Depths:2: minmay_connected_triangles_in_corner, layout_basic, lightli_too_deep,
          dk_noncrumbling_4, serial_bayou_lagoon_a, drop_trap,
          hangedman_decor_growths, st_stairs_11, minivault_16, nzn_random_ring
Depths:3: mu_elemental_laboratory, layout_cave_pools, kennysheep_doodads,
          serial_shops, shop, pan_entry, pf_dread_powers_of_hell,
          ebering_ghost_xom
Depths:4: lemuel_flame_loot_2, layout_basic, serial_bayou_shore_b,
          grunt_hell_entry_dis_grunt, abyss_entry, minmay_misc_feat_nine_boxes,
          minmay_staircase_statues
Depths:5: evilmike_zot_entry_castle, layout_honeycomb, enter_ziggurat_b,
          chequers_serial_rivers_micro_c, pf_hell_entry_tar_river, pan_entry,
          fake_guardian_serpent_vault, minmay_shop_grove
Zot:1:    layout_gridlike
Zot:2:    kennysheep_bubbly, layout_gridlike, st_large_dragon_hoard_4
Zot:3:    layout_basic
Zot:4:    layout_onion_interference, zot_minivault_1

Skill      XL: |  1  2  3  4  5  6  7  8  9 10 11 12 13 14 15 16 17 18 19 20 21 22 23 24 25 26 27 |
---------------+----------------------------------------------------------------------------------+-----
Slings         | 6 7 8 9 11 12 13 14 | 14.0
Fighting       | 2 3 4 5 7 8 10 11 12 14 15 17 19 20 21 24 | 24.0
Invocations    | 1 3 6 7 9 10 11 12 13 15 16 18 19 20 21 | 21.9
Evocations     | 1 2 4 6 7 8 9 10 12 13 15 16 17 19 | 19.0
Stealth        | 3 4 6 8 |  8.0
Dodging        | 4 6 7 9 12 14 15 16 17 18 20 | 20.0
Armour         | 4 6 10 11 12 13 14 15 | 15.0
Short Blades   | 1 8 |  8.0
Shields        | 4 5 7 9 10 | 10.0

Action                   |  1- 3 |  4- 6 |  7- 9 | 10-12 | 13-15 | 16-18 | 19-21 | 22-24 | 25-27 || total
-------------------------+-------+-------+-------+-------+-------+-------+-------+-------+-------++-------
Melee: Mace              |    26 |    52 |       |       |       |       |       |       |       ||    78
       Dagger            |       |    82 |   357 |   634 |       |       |       |       |       ||  1073
       Quick blade       |       |       |       |    16 |   198 |    38 |     6 |    37 |    78 ||   373
       Punch             |       |       |       |     9 |     1 |       |       |       |       ||    10
       Fustibalus        |       |       |       |       |       |       |       |     1 |       ||     1
 Fire: Hunting sling     |    64 |   133 |   311 |   636 |   823 |       |       |       |       ||  1967
       Fustibalus        |       |       |       |       |  1046 |  1969 |  2221 |  2396 |  3349 || 10981
Throw: Stone             |       |    16 |     1 |       |       |    29 |       |       |       ||    46
       Throwing net      |       |       |       |       |     4 |       |       |       |       ||     4
Invok: Heroism           |       |       |       |     8 |     3 |     3 |     6 |    14 |    30 ||    64
       Finesse           |       |       |       |       |     1 |     1 |     1 |     2 |     3 ||     8
Evoke: Wand              |       |       |       |    10 |     6 |     2 |       |       |       ||    18
       Lightning rod     |       |       |       |       |       |     8 |       |       |       ||     8
       Tin of tremorston |       |       |       |       |       |     2 |       |     4 |     2 ||     8
       Box of beasts     |       |       |       |       |       |       |       |     2 |       ||     2
       Condenser vane    |       |       |       |       |       |       |       |     1 |     1 ||     2
  Use: Scroll            |       |     5 |    14 |    17 |    14 |    11 |    11 |    16 |    19 ||   107
       Potion            |       |       |       |       |     1 |     2 |     1 |       |     1 ||     5
 Stab: Paralysed         |       |       |       |     2 |       |       |       |       |       ||     2
Armor: Leather armour    |    18 |     9 |       |       |       |       |       |       |       ||    27
       Chain mail        |       |    61 |   283 |   310 |   234 |   261 |   439 |   407 |   226 ||  2221
       Scale mail        |       |       |       |       |    82 |    10 |       |       |       ||    92
       Gold dragon scale |       |       |       |       |       |       |       |       |   343 ||   343
Dodge: Dodged            |    41 |    96 |   237 |   786 |  1022 |   665 |  1075 |  1006 |  1222 ||  6150
Block: Buckler           |       |       |       |       |    99 |   419 |    52 |       |       ||   570
       Kite shield       |       |       |       |       |       |       |   699 |   902 |  1095 ||  2696
       Reflection        |       |       |       |       |       |       |    81 |    87 |    50 ||   218

Table legend: (Time is in decaauts)
 A = Elapsed time spent in this place.
 B = Non-inter-level travel time spent in this place.
 C = Inter-level travel time spent in this place.
 D = Time resting spent in this place.
 E = Time spent auto-exploring this place.
 F = Levels seen in this place.
 G = Mean time per level.
                   A        B        C        D        E       F      G
               +--------+--------+--------+--------+--------+-----+--------+
         Total | 102979 |  94481 |   8498 |  30151 |  45220 |  50 | 2059.6 |
       Dungeon |  22120 |  19584 |   2536 |   4072 |  11308 |  15 | 1474.7 |
          Lair |  13362 |  12346 |   1016 |   3772 |   6198 |   6 | 2227.0 |
         Swamp |   6904 |   6295 |    609 |   2016 |   3272 |   4 | 1726.0 |
     Snake Pit |  10248 |   9283 |    965 |   2757 |   4784 |   4 | 2562.0 |
  Orcish Mines |   2447 |   1944 |    503 |    119 |   1128 |   2 | 1223.5 |
   Elven Halls |   5121 |   4500 |    621 |   1180 |   2376 |   3 | 1707.0 |
        Vaults |  19800 |  18531 |   1269 |   7737 |   7188 |   5 | 3960.0 |
        Depths |  14917 |  14063 |    854 |   4640 |   6815 |   5 | 2983.4 |
           Zot |   7136 |   7014 |    122 |   3774 |   1714 |   4 | 1784.0 |
       Ossuary |    555 |    555 |      0 |     80 |    226 |   1 |  555.0 |
        Bailey |    365 |    365 |      0 |      0 |    208 |   1 |  365.0 |
               +--------+--------+--------+--------+--------+-----+--------+

Top non-repeatable levels by time:
Vaults:2: 4783 daAuts
Vaults:4: 4646 daAuts
   Zot:1: 4208 daAuts
Vaults:3: 4174 daAuts
  Lair:2: 4053 daAuts
 Snake:4: 3760 daAuts
Depths:5: 3395 daAuts
Depths:2: 3190 daAuts
Vaults:1: 3138 daAuts
Depths:3: 3118 daAuts
Vaults:5: 3057 daAuts
    D:15: 2930 daAuts
Depths:4: 2870 daAuts
   Elf:3: 2863 daAuts
 Snake:3: 2753 daAuts
